 Dungeon Crawl Stone Soup version 0.31-a0-175-g9f7f995f2b (webtiles) character file.

Game seed: 10492881958873277144

439 MacCMillion the Chiller (level 7, -2/50 HPs)
             Began as a Gnoll Ice Elementalist on June 17, 2023.
             Succumbed to a kobold brigand's curare-tipped dart
             ... in a sewer.
             The game lasted 00:07:58 (3223 turns).

MacCMillion the Chiller (Gnoll Ice Elementalist)    Turns: 3223, Time: 00:07:58

Health: -2/50      AC:  2    Str:  7    XL:     7   Next: 1%
Magic:  13/15      EV: 14    Int: 16    God:
Gold:   90         SH:  0    Dex: 13    Spells: 10/17 levels left

rFire   . . .        d - +0 dagger
rCold   . . .        (no shield)
rNeg    . . .        a - +0 robe
rPois   .            (no helmet)
rElec   .            (no cloak)
rCorr   .            (no gloves)
SInv    .            (no boots)
Will    ++...        (no amulet)
Stlth   +++          (no ring)
HPRegen 0.28/turn    (no ring)
MPRegen 0.14/turn

%: no passive effects
@: mighty, lethally poisoned (-2 -> -13), freezing walls, enlightened, flying,
slowed, very slow
A: fangs 1, strong nose, distributed training, strong-willed 1
a: no special abilities


You were in a sewer.
You visited 1 branch of the dungeon, and saw 4 of its levels.
You also visited: Sewer.

You collected 90 gold pieces.

Inventory:

Hand Weapons
 d - a +0 dagger (weapon)
 n - a +1 short sword of draining
Armour
 a - a +0 robe (worn)
Jewellery
 e - a +5 ring of evasion
 j - an amulet of magic regeneration
Scrolls
 l - 2 scrolls of butterflies {unknown}
 m - 2 scrolls of enchant armour {unknown}
 p - a scroll of revelation {unknown}
Potions
 b - a potion of magic
 f - a potion of enlightenment
 g - a potion of heal wounds {unknown}
 h - a potion of curing {unknown}
 i - 2 potions of attraction {unknown}
 k - 2 potions of might
 o - a potion of resistance {unknown}


   Skills:
 + Level 2.3 Fighting
 + Level 2.3 Short Blades
 + Level 2.3 Long Blades
 + Level 2.3 Axes
 + Level 2.3 Maces & Flails
 + Level 2.3 Polearms
 + Level 2.3 Staves
 + Level 2.3 Ranged Weapons
 + Level 2.3 Throwing
 + Level 2.3 Armour
 + Level 5.1 Dodging
 + Level 4.8 Stealth
 + Level 2.3 Shields
 + Level 2.3 Unarmed Combat
 + Level 5.5 Spellcasting
 + Level 1.8 Conjurations
 + Level 1.8 Hexes
 + Level 1.8 Summonings
 + Level 1.8 Necromancy
 + Level 1.8 Translocations
 + Level 1.8 Transmutations
 + Level 1.8 Fire Magic
 + Level 7.3 Ice Magic
 + Level 1.8 Air Magic
 + Level 1.8 Earth Magic
 + Level 1.8 Poison Magic
 + Level 2.5 Invocations
 + Level 2.3 Evocations


You had 10 spell levels left.
You knew the following spells:

 Your Spells              Type           Power      Damage    Failure   Level
a - Freeze                Ice            100%       1d10      1%          1
b - Frozen Ramparts       Ice            56%        1d9       1%          3
c - Ozocubu's Armour      Ice            28%        N/A       1%          3

Your spell library contained the following spells:

 Spells                   Type           Power      Damage    Failure   Level
 Scorch                   Fire           20%        2d6       10%         2
 Summon Ice Beast         Ice/Summ       19%        N/A       22%         4
 Flame Wave               Conj/Fire      10%        2d6       54%         4
 Summon Cactus Giant      Summ           5%         N/A       100%        6


Dungeon Overview and Level Annotations

Branches:
Dungeon (4/15)              Sewer (1/1)
 Temple: D:4-7

Altars:
Xom


Innate Abilities, Weirdness & Mutations

You have very sharp teeth.
Your uncanny sense of smell can sniff out nearby items.
Your experience applies equally to all skills.
You are strong-willed. (Will+)


Message History

Confirm with . or Enter, or press ? or * to list all spells.
Casting: Frozen Ramparts (safe; 1% risk of failure)
Press: ? - help, Dir - look around, f - activate Some shallow water.
The walls around you are covered in ice.
You feel sick.
The wall freezes the kobold brigand.
The kobold brigand throws a curare-tipped dart.
The curare-tipped dart barely misses you.
The curare-tipped dart hits the plant.
The wall freezes the kobold brigand.
The kobold brigand throws a curare-tipped dart.
The curare-tipped dart hits you.
You are more poisoned.
You have difficulty breathing.
You feel as though you will be slow longer.
You feel very sick.
The wall freezes the kobold brigand but does no damage.
The kobold brigand throws a curare-tipped dart.
The curare-tipped dart hits you.
You are lethally poisoned!
You have difficulty breathing.
* * * LOW HITPOINT WARNING * * *
You feel as though you will be slow longer.
It was a potion of enlightenment.
You feel very buoyant.
You fly up into the air.
* * * LOW HITPOINT WARNING * * *
You feel extremely sick.
The wall freezes the kobold brigand.
It was a potion of mutation.
You feel extremely strange.
You feel strong-willed.
Your connection to magic feels subdued.
Your magic regains its normal vibrancy.
* * * LOW HITPOINT WARNING * * *
You feel very sick.
The wall freezes the kobold brigand.
The kobold brigand splashes around in the water.
The wall freezes the kobold brigand!
The kobold brigand splashes around in the water.
It was a potion of might.
You feel very mighty all of a sudden.
You die...

≈≈≈≈≈≈≈≈≈..P~....#~#########..#
.≈≈≈≈≈≈≈≈.~~.....#~..#~...#####
###########.PP.~~#~##.#.~~#
~~~~~~~~~~~....~~#~#####.##
###########..~~~~#~# ###
~≈≈≈≈≈≈≈≈~~..~.~~#~###
.≈≈≈≈≈≈≈≈.~..~.~..~~~#
~≈≈≈≈≈≈≈≈...~PP#########
~~≈≈≈≈≈≈≈≈≈~..P~@K~~~~~~ ∆
~.≈≈≈≈≈≈≈≈≈≈≈P.#########
..≈≈≈≈≈≈≈≈≈≈≈≈≈≈≈≈≈≈≈≈
###≈≈≈≈≈≈≈≈≈≈≈≈≈≈≈≈≈≈≈ #
≈≈≈≈≈≈≈≈≈≈≈≈≈≈≈≈≈≈≈ ##
≈≈≈≈≈≈≈≈≈≈≈≈≈≈≈≈≈≈ .#
≈≈≈≈≈≈≈≈≈≈≈≈≈≈≈≈≈≈ ##
#≈≈≈≈≈≈≈≈≈≈≈≈≈≈≈≈ #
≈≈≈≈≈≈≈≈≈≈≈≈≈≈≈


You could see a kobold brigand.

Vanquished Creatures
  2 kobold brigands (Sewer)
  An orc priest (D:3)
  An orc wizard (D:3)
  4 gnolls (D:2)
  9 adders
  5 river rats
  4 worms (D:3)
  2 dart slugs
  3 orcs (D:3)
  8 bats
  8 endoplasms
  A giant cockroach (D:1)
  2 goblins (D:2)
  A hobgoblin (D:2)
  2 jackals (Sewer)
  A quokka (D:1)
  8 ball pythons
  6 frilled lizards
  8 kobolds
  10 rats
86 creatures vanquished.

Notes
Turn   | Place    | Note
-------+----------+-------------------------------------------
     0 | D:1      | MacCMillion the Gnoll Ice Elementalist began the quest for
                  | the Orb.
     0 | D:1      | Reached XP level 1. HP: 13/13 MP: 6/6
   160 | D:1      | Reached XP level 2. HP: 19/19 MP: 5/7
  1156 | D:1      | Reached skill level 5 in Spellcasting
  1156 | D:1      | Reached XP level 3. HP: 25/25 MP: 7/9
  1235 | D:1      | Learned a level 3 spell: Frozen Ramparts
  1239 | D:1      | Learned a level 3 spell: Ozocubu's Armour
  1246 | D:2      | Reached skill level 1 in Invocations
  1425 | D:2      | Found a shimmering altar of Xom.
  1438 | D:2      | Reached skill level 1 in Fighting
  1438 | D:2      | Reached skill level 1 in Short Blades
  1438 | D:2      | Reached skill level 1 in Long Blades
  1438 | D:2      | Reached skill level 1 in Axes
  1438 | D:2      | Reached skill level 1 in Maces & Flails
  1438 | D:2      | Reached skill level 1 in Polearms
  1438 | D:2      | Reached skill level 1 in Staves
  1438 | D:2      | Reached skill level 1 in Ranged Weapons
  1438 | D:2      | Reached skill level 1 in Throwing
  1438 | D:2      | Reached skill level 1 in Armour
  1438 | D:2      | Reached skill level 1 in Shields
  1438 | D:2      | Reached skill level 1 in Unarmed Combat
  1438 | D:2      | Reached skill level 1 in Evocations
  1457 | D:2      | Reached XP level 4. HP: 32/32 MP: 0/11
  1458 | D:2      | Reached skill level 1 in Conjurations
  1458 | D:2      | Reached skill level 1 in Hexes
  1458 | D:2      | Reached skill level 1 in Summonings
  1458 | D:2      | Reached skill level 1 in Necromancy
  1458 | D:2      | Reached skill level 1 in Translocations
  1458 | D:2      | Reached skill level 1 in Transmutations
  1458 | D:2      | Reached skill level 1 in Fire Magic
  1458 | D:2      | Reached skill level 1 in Air Magic
  1458 | D:2      | Reached skill level 1 in Earth Magic
  1458 | D:2      | Reached skill level 1 in Poison Magic
  1866 | D:2      | You fall into a shaft and drop 2 floors!
  2006 | D:3      | Reached XP level 5. HP: 37/37 MP: 4/12
  2273 | D:3      | Found a glowing drain.
  2281 | Sewer    | Entered a sewer
  2315 | Sewer    | Reached XP level 6. HP: 41/44 MP: 9/13
  2368 | Sewer    | Reached skill level 5 in Dodging
  3184 | Sewer    | Reached XP level 7. HP: 50/50 MP: 15/15
  3222 | Sewer    | Gained mutation: You are strong-willed. (Will+) [potion of
                  | mutation]
  3222 | Sewer    | Gained mutation: Your spells are a little easier to cast,
                  | but a little less powerful. [potion of mutation]
  3222 | Sewer    | Lost mutation: Your spells are a little easier to cast, but
                  | a little less powerful. [potion of mutation]
  3222 | Sewer    | HP: 1/50 [poisoned by a kobold brigand (curare-tipped
                  | dart)]
  3223 | Sewer    | Succumbed to a kobold brigand's curare-tipped dart

Illustrated notes

Levels and vault maps discovered:
D:1:      spicycebolla_green_bress_n_ham_2, layout_loops_corners, serial_bayou,
          serial_bayou_pond_a, serial_bayou_lagoon_b, serial_bayou_lagoon_a,
          serial_bayou_lake_a, serial_bayou_shore_b, serial_bayou_pond_e,
          kennysheep_nondescript, corexii_hall_statues_i
D:2:      layout_basic, basic_altar
D:3:      layout_basic, grunt_temple_overflow_order_and_chaos_1,
          lightli_sewer_entry_pipes
D:4:      layout_rooms, serial_forest, infiniplex_forest_clump_medium,
          infiniplex_forest_fountain, infiniplex_forest_lined_2,
          infiniplex_forest_end_double, infiniplex_forest_straight_1,
          infiniplex_forest_end_2, uniq_robin
Sewer:    sewer_co_scattered_pipes

Skill      XL: |  1  2  3  4  5  6 |
---------------+-------------------+-----
Spellcasting   | 5 |  5.5
Invocations    | 1 2 |  2.5
Fighting       | 1 2 |  2.3
Short Blades   | 1 2 |  2.3
Long Blades    | 1 2 |  2.3
Axes           | 1 2 |  2.3
Maces & Flails | 1 2 |  2.3
Polearms       | 1 2 |  2.3
Staves         | 1 2 |  2.3
Ranged Weapons | 1 2 |  2.3
Throwing       | 1 2 |  2.3
Armour         | 1 2 |  2.3
Shields        | 1 2 |  2.3
Unarmed Combat | 1 2 |  2.3
Evocations     | 1 2 |  2.3
Conjurations   | 1 |  1.8
Hexes          | 1 |  1.8
Summonings     | 1 |  1.8
Necromancy     | 1 |  1.8
Translocations | 1 |  1.8
Transmutations | 1 |  1.8
Fire Magic     | 1 |  1.8
Air Magic      | 1 |  1.8
Earth Magic    | 1 |  1.8
Poison Magic   | 1 |  1.8
Dodging        | 5 |  5.1
Stealth        | |  4.8
Ice Magic      | |  7.3

Action                     |  1- 3 |  4- 6 |  7- 9 || total
---------------------------+-------+-------+-------++-------
  Melee: Dagger            |    16 |    52 |       ||    68
         Unarmed           |     1 |       |       ||     1
         Bite              |       |     5 |       ||     5
   Cast: Freeze            |    29 |    16 |       ||    45
         Frozen Ramparts   |     3 |    19 |     1 ||    23
         Ozocubu's Armour  |     2 |     4 |       ||     6
    Use: Potion            |       |       |     3 ||     3
   Stab: Sleeping          |     5 |     4 |       ||     9
 Armour: Robe              |    11 |     6 |       ||    17
  Dodge: Dodged            |    24 |    42 |     1 ||    67

Table legend: (Time is in decaauts)
 A = Elapsed time spent in this place.
 B = Non-inter-level travel time spent in this place.
 C = Inter-level travel time spent in this place.
 D = Time resting spent in this place.
 E = Time spent auto-exploring this place.
 F = Levels seen in this place.
 G = Mean time per level.
                   A        B        C        D        E       F      G
               +--------+--------+--------+--------+--------+-----+--------+
         Total |   3396 |   3363 |     33 |   1065 |   1396 |   5 |  679.2 |
       Dungeon |   2355 |   2322 |     33 |    555 |   1201 |   4 |  588.8 |
         Sewer |   1040 |   1040 |      0 |    510 |    195 |   1 | 1040.0 |
               +--------+--------+--------+--------+--------+-----+--------+

Top non-repeatable levels by time:
     D:1: 1279 daAuts
   Sewer: 1040 daAuts
     D:2: 641 daAuts
     D:3: 430 daAuts
     D:4: 4 daAuts
